 Dungeon Crawl Stone Soup version 0.29-a0-330-g52719c12eb (webtiles) character file.

Game seed: 8253588376757421820

67 kae the Firebug (level 3, -6/26 HPs)
             Began as a Demigod Fire Elementalist on Apr 19, 2022.
             Killed from afar by Terence (9 damage)
             ... with a puff of flame
             ... on level 2 of the Dungeon.
             The game lasted 00:01:20 (1950 turns).

kae the Firebug (Demigod Fire Elementalist)         Turns: 1950, Time: 00:01:20

Health: -6/26      AC:  2    Str:  9    XL:     3   Next: 70%
Magic:  1/9        EV: 12    Int: 21    God:
Gold:   105        SH:  0    Dex: 14    Spells: 3/6 levels left

rFire   . . .      SeeInvis .   h - +0 dagger (venom)
rCold   . . .      Faith    .   (no shield)
rNeg    . . .      Spirit   .   a - +0 robe
rPois   .          Reflect  .   (no helmet)
rElec   .          Harm     .   (no cloak)
rCorr   .          Rampage  .   (no gloves)
Will    .....                   (no boots)
Stlth   ++........              (no amulet)
HPRegen 0.08/turn               (no ring)
MPRegen 0.11/turn               (no ring)

@: hasted, very quick
A: high MP 1, forlorn, divine attributes
a: no special abilities


You were on level 2 of the Dungeon.
You visited 1 branch of the dungeon, and saw 2 of its levels.

You collected 105 gold pieces.

Inventory:

Hand Weapons
 e - a +0 dagger
 h - a +0 dagger of venom (weapon)
Armour
 a - a +0 robe (worn)
Scrolls
 i - 2 scrolls of identify {unknown}
Potions
 b - a potion of magic
 c - a potion of ambrosia {unknown}
 d - 2 potions of curing
 g - a potion of berserk rage {unknown}
 j - a potion of attraction {unknown}
 k - 2 potions of cancellation {unknown}
 l - 2 potions of degeneration {unknown}


   Skills:
 - Level 1.7 Dodging
 - Level 1.7 Stealth
 + Level 2.3 Spellcasting
 + Level 1.8 Conjurations
 * Level 3.6 Fire Magic


You had 3 spell levels left.
You knew the following spells:

 Your Spells              Type           Power      Damage    Failure   Level
a - Foxfire               Conj/Fire      56%        2x1d6     4%          1
b - Scorch                Fire           34%        2d7       4%          2

Your spell library contained the following spells:

 Spells                   Type           Power      Damage    Failure   Level
 Conjure Flame            Conj/Fire      14%        6-21      14%         3
 Inner Flame              Hex/Fire       10%        N/A       21%         3
 Flame Wave               Conj/Fire      14%        2d6       41%         4


Dungeon Overview and Level Annotations

Branches:
Dungeon (2/15)

Annotations:
D:2 Terence


Innate Abilities, Weirdness & Mutations

You have an increased reservoir of magic. (+10% MP)
You shall have no god before yourself.
Your divine heritage dramatically boosts your attributes as you level up.


Message History

Terence hits you with a +0 mace!
* * * LOW HITPOINT WARNING * * *
Casting: Scorch (safe; 4% risk of failure)
Confirm with . or Enter, or press ? or * to list all spells.
Flames lash Terence.
Terence is burned terribly!
Terence is severely wounded.
Terence closely misses you.
Terence drinks a potion.
Terence is healed!
Unknown command.
It was a potion of haste.
You feel yourself speed up. Terence hits you with a +0 mace.
* * * LOW HITPOINT WARNING * * *
Okay, then.
Terence is no longer more vulnerable to fire.
Terence screams, "I'm going to kill you!"
Casting: Scorch (safe; 4% risk of failure)
Confirm with . or Enter, or press ? or * to list all spells.
You conjure some foxfire!
Casting: Foxfire (safe; 4% risk of failure)
Confirm with . or Enter, or press ? or * to list all spells.
You conjure some foxfire!
The foxfire hits Terence but does no damage.
Terence is moderately wounded.
The foxfire hits Terence.
Terence is heavily wounded.
The foxfire hits Terence.
Terence is severely wounded.
The foxfire hits Terence.
Terence is severely wounded.
Casting: Foxfire (safe; 4% risk of failure)
Confirm with . or Enter, or press ? or * to list all spells.
You conjure some foxfire!
The foxfire hits Terence but does no damage.
Terence is severely wounded.
The foxfire hits Terence.
Terence is almost dead.
Terence hits you with a +0 mace.
* * * LOW HITPOINT WARNING * * *
Terence zaps a wand.
The puff of flame hits you!
You die...

#.##.....#.####...######....#
#####.##..###................#...
..........# ####.##...######....#
###.####.## ##.###.## ##.#.. #.#
#.######...##.# #.### #.#
#............[# #.# #.#
########...#### #.#
#.############.## #.#
#..........# #@# #.# ##########.#
#.############.#
#.###.@..##.....##.#
#....ยง.............#
###############.$...<. ########


You could see Terence.

Vanquished Creatures
  2 adders (D:2)
  A worm (D:2)
  A dart slug (D:1)
  4 endoplasms
  A giant cockroach (D:2)
  5 hobgoblins (D:1)
  4 jackals (D:1)
  A quokka (D:1)
  2 ball pythons (D:1)
  3 bats
  3 frilled lizards (D:1)
  6 goblins
  2 kobolds (D:1)
  6 rats
41 creatures vanquished.

Vanquished Creatures (others)
  86 foxfires
86 creatures vanquished.

Grand Total: 127 creatures vanquished

Notes
Turn   | Place    | Note
-------+----------+-------------------------------------------
     0 | D:1      | kae the Demigod Fire Elementalist began the quest for the
                  | Orb.
     0 | D:1      | Reached XP level 1. HP: 14/14 MP: 5/5
    22 | D:1      | Reached skill level 1 in Conjurations
   221 | D:1      | Reached skill level 3 in Fire Magic
   362 | D:1      | Reached XP level 2. HP: 20/20 MP: 2/7
   369 | D:1      | Learned a level 2 spell: Scorch
   967 | D:1      | Reached XP level 3. HP: 12/26 MP: 0/8
  1921 | D:2      | Noticed Terence
  1950 | D:2      | Killed from afar by Terence

Illustrated notes

Levels and vault maps discovered:
D:1:      matt_arrival_debris, layout_rooms, ebering_ecumenical_altar_mist,
          minmay_misc_feat_hallway
D:2:      layout_loops_ring, basic_altar, uniq_crazy_yiuf_cottage, uniq_terence

Skill      XL: |  1 |
---------------+----+-----
Conjurations   | 1 |  1.8
Fire Magic     | 3 |  3.6
Spellcasting   | 2 |  2.3
Dodging        | |  1.7
Stealth        | |  1.7

Action                   || total
-------------------------++-------
Melee: Dagger            ||    37
       Unarmed           ||     4
 Cast: Foxfire           ||    50
       Scorch            ||     9
  Use: Scroll            ||     4
       Potion            ||     1
Armor: Robe              ||    14
Dodge: Dodged            ||    28

Table legend: (Time is in decaauts)
 A = Elapsed time spent in this place.
 B = Non-inter-level travel time spent in this place.
 C = Inter-level travel time spent in this place.
 D = Time resting spent in this place.
 E = Time spent auto-exploring this place.
 F = Levels seen in this place.
 G = Mean time per level.
                   A        B        C        D        E       F      G
               +--------+--------+--------+--------+--------+-----+--------+
         Total |   1943 |   1914 |     29 |    222 |   1386 |   2 |  971.5 |
       Dungeon |   1943 |   1914 |     29 |    222 |   1386 |   2 |  971.5 |
               +--------+--------+--------+--------+--------+-----+--------+

Top non-repeatable levels by time:
     D:1: 1363 daAuts
     D:2: 580 daAuts
